 Dungeon Crawl Stone Soup version 0.19-a0-1260-gc94d3f7 (webtiles) character file.

279 4thArraOfDagon the Cutter (level 6, -7/38 HPs)
             Began as a Halfling Wanderer on Aug 28, 2016.
             Was an Initiate of Ashenzari.
             Mangled by a two-headed ogre
             ... wielding a +0 giant club
              (8 damage)
             ... on level 8 of the Dungeon.
             The game lasted 00:04:58 (996 turns).

4thArraOfDagon the Cutter (Halfling Wanderer)        Turns: 996, Time: 00:04:59

Health: -7/38      AC:  7    Str: 11      XL:     6   Next: 52%
Magic:  6/6        EV: 11    Int: 11      God:    Ashenzari [......]
Gold:   34         SH:  7    Dex: 12 (17) Spells: 0 memorised, 5 levels left

rFire  . . .     SeeInvis .     c - +0 short sword
rCold  + . .     Gourm    .     e - +1 scale mail
rNeg   . . .     Faith    .     k - +2 buckler {reflect} (curse)
rPois  .         Spirit   .     (no helmet)
rElec  .         Dismiss  .     (no cloak)
rCorr  .         Reflect  +     (no gloves)
MR     .....     Harm     .     (no boots)
Stlth  ..........               (no amulet)
                                (no ring)
                                g - ring of protection from cold

@: no status effects
A: mutation resistance 1
a: Curse Item, Renounce Religion


You were on level 8 of the Dungeon.
You worshipped Ashenzari.
Ashenzari was noncommittal.
You were not hungry.

You visited 1 branch of the dungeon, and saw 8 of its levels.

You collected 34 gold pieces.

Inventory:

Hand Weapons
 c - a +0 short sword (weapon)
 i - a +2 whip of venom
 j - a +0 blowgun
Missiles
 l - 14 poisoned needles
Armour
 a - a +2 leather armour
 b - a +0 ring mail
 e - a +1 scale mail (worn)
 k - a cursed +2 buckler of reflection (worn)
Jewellery
 g - a ring of protection from cold (left hand)
Wands
 h - a wand of digging (12/24)
Potions
 f - a potion of berserk rage {unknown}
Comestibles
 d - a bread ration
 m - a chunk of flesh
 n - a slice of pizza


   Skills:
 - Level 1.0 Fighting
 * Level 6.5 Short Blades
   Level 2.4 Bows
 - Level 2.1 Throwing
 + Level 4.1 Dodging
 - Level 1.1 Stealth
 * Level 2.1 Shields


You had 5 spell levels left.
You didn't know any spells.

Dungeon Overview and Level Annotations

Branches:
Dungeon (8/15)
 Temple: D:4-7         Lair: D:8-11

Altars:
Ashenzari

Annotations:
D:2 Sigmund
D:3 junb69's ghost, amateur OgGl
D:6 4thArraOfDagon's ghost, amateur HaWn


Innate Abilities, Weirdness & Mutations

You are small and have problems with some larger weapons.
You are somewhat resistant to further mutation.


Message History

Press: ? - help, Shift-Dir - straight line, f/p - two-headed ogre
Aim: a two-headed ogre, wielding two giant clubs (moderately wounded, poisoned)
You shoot a poisoned needle.
The poisoned needle hits the two-headed ogre.
The two-headed ogre looks even sicker.
The two-headed ogre is moderately wounded.
Unknown command.
Wield which item (- for none, * to show all)? (? for menu, Esc to quit)
c - a +0 short sword (weapon)
You hit the two-headed ogre.
The two-headed ogre is almost dead.
The two-headed ogre hits you with a giant club.
The two-headed ogre hits you with a giant club!
* * * LOW HITPOINT WARNING * * *
Unknown command.
You hit the two-headed ogre.
The two-headed ogre is almost dead.
You block the two-headed ogre's attack.
The two-headed ogre hits you with a giant club!
You die...

. ( (. ..#### .
(>. ..#(# ..#.#
########### .<..##
#.#.....^@O.#
##.(.#
#.#.#######.#
##..# #.#.#..<#
#.#
#..###.#.#.#####.#
##..##.#.#.......#
#..##.#..########
#..##.#(.......[
##O##..#########
#..#.........


You could see a two-headed ogre.

Vanquished Creatures
  A big kobold (D:7)
  A quasit (D:8)
  A hound (D:4)
  Ijyb (D:2)
  2 worker ants
  A hound skeleton (D:4)
  4 adders
  A shadow imp (D:5)
  2 giant cockroaches
  2 goblins
  2 jackals (D:2)
  A quokka (D:7)
  2 bats
  A jackal skeleton (D:4)
  6 kobolds
  2 rats
30 creatures vanquished.

Notes
Turn   | Place    | Note
-------+----------+-------------------------------------------
     0 | D:1      | 4thArraOfDagon the Halfling Wanderer began the quest for the Orb.
     0 | D:1      | 4thArraOfDagon set off with: a +2 leather armour, a +0 ring mail, a +0 short sword, a bread ration
     0 | D:1      | Reached XP level 1. HP: 13/13 MP: 1/1
    85 | D:2      | Found a shattered altar of Ashenzari.
    90 | D:2      | Became a worshipper of Ashenzari the Shackled
    95 | D:2      | Noticed Ijyb
   107 | D:2      | Killed Ijyb
   107 | D:2      | Reached skill level 4 in Short Blades
   107 | D:2      | Reached XP level 2. HP: 18/18 MP: 2/2
   107 | D:2      | Reached XP level 3. HP: 23/23 MP: 3/3
   188 | D:2      | Noticed Sigmund
   449 | D:3      | Reached XP level 4. HP: 16/28 MP: 4/4
   461 | D:3      | Reached skill level 5 in Short Blades
   482 | D:3      | Noticed junb69's ghost (amateur OgGl)
   562 | D:4      | Reached XP level 5. HP: 5/33 MP: 5/5
   607 | D:5      | Entered Level 5 of the Dungeon
   730 | D:6      | Noticed 4thArraOfDagon's ghost (amateur HaWn)
   778 | D:7      | Noticed a big kobold
   797 | D:7      | Killed a big kobold
   797 | D:7      | Reached skill level 6 in Short Blades
   797 | D:7      | Reached skill level 1 in Shields
   797 | D:7      | Reached XP level 6. HP: 29/38 MP: 6/6
   961 | D:8      | Noticed a two-headed ogre
   995 | D:8      | HP: 1/38 [two-headed ogre/giant club (11)]
   996 | D:8      | Mangled by a two-headed ogre

Vault maps used:
D:1:      minmay_arrival_plants_in_alcoves
D:2:      lemuel_round_altar, nicolae_overflow_crystal_walls,
          grunt_temple_overflow_diamond, lemuel_round_altar, dk_noncrumbling_3,
          uniq_iyjb, uniq_sigmund
D:4:      first_bread, wad_rectangle_vault
D:5:      trog_eyes_of_draining, uniq_duvessa
D:6:      minmay_opposing_rooms, kennysheep_mini_moat,
          kennysheep_generic_room_11
D:7:      serial_undead, serial_undead_e, serial_undead_f, serial_undead_b,
          serial_undead_a, serial_undead_b, minmay_misc_feat_secret_circle,
          kennysheep_cross_bottleneck
D:8:      david_lair_shrubbed, enter_bailey_3, grunt_livestock, minivault_23

Skill      XL: |  1  2  3  4  5  6 |
---------------+-------------------+-----
Short Blades   | 4 5 6 |  6.5
Dodging        | 3 4 |  4.1
Shields        | 1 2 |  2.1
Fighting       | |  1.0
Bows           | |  2.4
Throwing       | |  2.1
Stealth        | |  1.1

Action                   |  1- 3 |  4- 6 || total
-------------------------+-------+-------++-------
Melee: Short sword       |    16 |    71 ||    87
       Whip              |    19 |    30 ||    49
 Fire: Blowgun           |       |     9 ||     9
Invok: Curse Item        |       |     1 ||     1
Evoke: Wand              |       |     1 ||     1
  Use: Potion            |     2 |     3 ||     5
       Scroll            |       |     3 ||     3
 Stab: Sleeping          |     4 |     1 ||     5
  Eat: Chunk             |       |     1 ||     1
Armor: Leather armour    |    10 |    10 ||    20
       Scale mail        |       |    40 ||    40
Dodge: Dodged            |    28 |    72 ||   100
Block: Buckler           |       |    40 ||    40
       Reflection        |       |     3 ||     3
